 Dungeon Crawl Stone Soup version 0.32-a0-22-g6ae6769602 (webtiles) character file.

Game seed: 1195950605939843325

47722 case the Placeless Human (level 14, 0/103 HPs)
             Began as a Human Warper on Jan 18, 2024.
             Was a High Priest of Vehumet.
             Killed from afar by a rime drake (22 damage)
             ... with an icy flash freeze
             ... on level 5 of the Lair of Beasts.
             The game lasted 01:14:56 (17850 turns).

case the Placeless Human (Human Warper)            Turns: 17850, Time: 01:14:56

Health: 0/103      AC: 15    Str: 16    XL:     14   Next: 43%
Magic:  7/28       EV: 26    Int: 14    God:    Vehumet [*****.]
Gold:   1326       SH:  0    Dex: 15    Spells: 13/34 levels left

rFire   . . .        N - +2 dagger (drain)
rCold   . . .        H - orb {*channel}
rNeg    + . .        p - +2 robe {Will+}
rPois   +            j - +2 helmet
rElec   .            J - +2 ratskin cloak {*Rats rPois rN+ Str-1 Int-1 Dex+1}
rCorr   .            X - +1 pair of gloves {Str+3}
SInv    .            m - +2 pair of boots
Will    ++...        r - amulet of magic regeneration
Stlth   +            k - +5 ring of evasion
HPRegen 0.37/turn    i - +5 ring of evasion
MPRegen 0.61/turn

%: channel magic (20%)
@: studying Maces & Flails
A: explore regen
a: Renounce Religion


You were on level 5 of the Lair of Beasts.
You worshipped Vehumet.
Vehumet was extremely pleased with you.
You visited 2 branches of the dungeon, and saw 15 of its levels.
You also visited: Ossuary, Gauntlet and Volcano.

You collected 1452 gold pieces.
You spent 126 gold pieces at shops.

Inventory:

Hand Weapons
 N - a +2 dagger of draining (weapon)
 O - a +6 flail of venom
 U - a +2 short sword of electrocution
Missiles
 d - 7 darts of dispersal (quivered)
 E - 3 throwing nets
Armour
 j - a +2 helmet (worn)
 m - a +2 pair of boots (worn)
 p - a +2 robe of willpower (worn)
 s - a +0 pair of gloves
 H - an orb of energy (worn)
 J - the +2 ratskin cloak (worn) {*Rats rPois rN+ Str-1 Int-1 Dex+1}
   (You found it on level 6 of the Dungeon)

   *Rats:     When the wearer is hurt, rats may emerge from it to assist them.
   Str-1:     It affects your strength (-1).
   Int-1:     It affects your intelligence (-1).
   Dex+1:     It affects your dexterity (+1).
   rPois:     It protects you from poison rN+: It protects you from negative
   energy.
 X - a +1 pair of gloves of strength (worn)
Magical Staves
 a - a staff of conjuration
Jewellery
 i - a +5 ring of evasion (right hand)
 k - a +5 ring of evasion (left hand)
 r - an amulet of magic regeneration (around neck)
 t - the ring "Onedu" {rPois Stlth+}
   (You found it on level 3 of the Dungeon)

   [ring of poison resistance]

   rPois:     It protects you from poison Stlth+: It makes you more stealthy.
 y - a ring of fire
 I - a ring of protection from fire
 K - a ring of protection from fire
 M - a ring of see invisible
 P - the ring "Pyehogiff" {Dex+4 Slay+2 SInv Stlth-}
   (You found it on level 10 of the Dungeon)

   [ring of see invisible]

   Dex+4:     It affects your dexterity (+4).
   Slay+2:    It affects your accuracy & damage with ranged weapons and melee
   (+2).
   SInv:      It lets you see invisible.
   Stlth-:    It makes you less stealthy.
 Q - an amulet of faith
 R - a ring of protection from fire
 S - a +6 ring of dexterity
 T - a ring of positive energy
 W - a ring of protection from cold
Wands
 b - a wand of flame (17)
 c - a wand of mindburst (28)
Scrolls
 e - 3 scrolls of immolation
 h - 2 scrolls of identify
 w - a scroll of poison
 C - 3 scrolls of revelation
 D - a scroll of enchant armour
 Y - a scroll of summoning
 Z - a scroll of amnesia
Potions
 f - a potion of degeneration {unknown}
 g - 4 potions of brilliance
 l - a potion of enlightenment {unknown}
 n - 3 potions of heal wounds
 o - 5 potions of ambrosia
 q - 3 potions of attraction {unknown}
 u - 4 potions of lignification {unknown}
 v - 2 potions of haste
 x - 4 potions of cancellation
 z - 5 potions of might {unknown}
 A - 3 potions of invisibility {unknown}
 B - 4 potions of magic {unknown}
 F - 3 potions of resistance {unknown}
 G - 3 potions of curing
 L - a potion of mutation
Miscellaneous
 V - a box of beasts


   Skills:
 - Level 7.4 Fighting
 - Level 6.2(6.4) Short Blades
 - Level 2.0(4.4) Long Blades
 - Level 7.3 Maces & Flails
 - Level 1.0 Throwing
 - Level 1.0 Armour
 - Level 8.2 Dodging
 * Level 10.6 Spellcasting
 + Level 13.0 Translocations
 + Level 8.3 Fire Magic
 * Level 9.7 Alchemy


You had 13 spell levels left.
You knew the following spells:

 Your Spells              Type           Power      Damage    Failure   Level
a - Blink                 Tloc           88%        N/A       1%          2
b - Manifold Assault      Tloc           44%        N/A       3%          4
c - Teleport Other        Tloc           44%        N/A       1%          3
d - Passage of Golubria   Tloc           44%        N/A       3%          4
e - Ignite Poison         Fire/Alch      32%        N/A       2%          4
f - Olgreb's Toxic Radia  Alch           34%        N/A       2%          4

Your spell library contained the following spells:

 Spells                   Type           Power      Damage    Failure   Level
 Apportation              Tloc           88%        N/A       1%          1
 Lesser Beckoning         Tloc           88%        N/A       1%          2
 Inner Flame              Hex/Fire       19%        N/A       4%          3
 Alistair's Intoxication  Alch           22%        N/A       14%         5
 Vhi's Electric Charge    Tloc/Air       50%        N/A       19%         4
 Irradiate                Conj/Alch      10%        3d15      19%         5
 Slow                     Hex            28%        N/A       24%         1
 Jinxbite                 Hex            14%        N/A       32%         2
 Confusing Touch          Hex            7%         N/A       50%         3
 Sigil of Binding         Hex            7%         N/A       50%         3
 Summon Ice Beast         Ice/Summ       7%         N/A       50%         3
 Vampiric Draining        Necr           7%         2d6       50%         3
 Anguish                  Hex/Necr       3%         N/A       85%         4
 Cause Fear               Hex            3%         N/A       85%         4
 Silence                  Hex/Air        3%         N/A       99%         5
 Summon Mana Viper        Hex/Summ       7%         N/A       99%         5
 Ignition                 Fire           15%        3d6       99%         8
 Enfeeble                 Hex            3%         N/A       100%        7
 Monstrous Menagerie      Summ           3%         N/A       100%        7
 Lehudib's Crystal Spear  Conj/Erth      3%         10d3      100%        8


Dungeon Overview and Level Annotations

Branches:
Dungeon (10/15)            Temple (0/1) D:7            Lair (5/5) D:10
  Swamp (0/4) Lair:2        Snake (0/4) Lair:3        Slime (0/5) Lair:5
Ossuary (visited)         Volcano (visited)         Gauntlet (visited)
    Orc: D:9-12

Altars:
Ashenzari
Cheibriados
Fedhas
Hepliaklqana
Kikubaaqudgha
Makhleb
Okawaru
Qazlal
Trog
Vehumet
Wu Jian
Yredelemnul
Zin

Shops:
D:1 *   D:2 ?

Annotations:
Lair:2 exclusion: oklob plant


Innate Abilities, Weirdness & Mutations

You regain HP and MP as you explore.


Message History

The six-headed hydra bites you!
* * * LOW HITPOINT WARNING * * *
The six-headed hydra barely misses you.
The six-headed hydra closely misses you.
The six-headed hydra bites you but does no damage.
Your river rat bites the six-headed hydra!
You hit the six-headed hydra. You drain the six-headed hydra.
You kill the six-headed hydra!
Vehumet accepts your kill.
You feel your power returning.
Casting: Manifold Assault (dangerous; 3% risk of failure)
Confirm with . or Enter, or press ? or * to list all spells.
Space momentarily warps into an impossible shape!
You barely miss the komodo dragon.
Your river rat bites the komodo dragon.
Casting: Manifold Assault (dangerous; 3% risk of failure)
Confirm with . or Enter, or press ? or * to list all spells.
Space momentarily warps into an impossible shape!
You hit the komodo dragon. You drain the komodo dragon.
Your river rat bites the komodo dragon.
Casting: Manifold Assault (dangerous; 3% risk of failure)
Confirm with . or Enter, or press ? or * to list all spells.
Space momentarily warps into an impossible shape!
You hit the rime drake. You barely miss the komodo dragon.
You hit the komodo dragon.
The komodo dragon is lightly wounded.
The komodo dragon completely misses you.
You hit the komodo dragon but do no damage.
You drain the komodo dragon.
The komodo dragon is moderately wounded.
The komodo dragon attacks as it pursues you!
The komodo dragon bites you.
* * * LOW HITPOINT WARNING * * *
There is a fountain of clear blue water here.
The komodo dragon attacks as it pursues you!
The komodo dragon completely misses you.
The komodo dragon attacks as it pursues you!
The komodo dragon misses you. The rime drake breathes ice at you.
The icy flash freeze hits you!!
You die...

~~~P~~.....####...##...........~~
~P~~~~.....# ###k##.#..........#~
~(P~.......###......#.#........~~
~#.......###.........###......~~~
###......#.....####.....#......~#
##...#......#...##k#..##....~##
....#...#.........#...#.....~~
#......⌠...⌠...#.......~~~
+........@l............~##
.......⌠...⌠......##....~#
#..#..........##..##....~~
.#.....#....#.#..## ...~~~
.....#####...... ..#~ ###..
...##.. # .###. P.. ..


You could see a komodo dragon (drained) and a rime drake (catching breath).

Vanquished Creatures
  Gastronok (Lair:3)
  A catoblepas (D:10)
  7 hydras
  A two-headed ogre (D:10)
  A merfolk avatar (Lair:5)
  A death yak (Lair:5)
  An anaconda (Lair:4)
  3 skysharks
  A lindwurm (Lair:2)
  An anaconda skeleton (Volcano)
  A salamander (Lair:3)
  22 elephants
  A manticore (Lair:5)
  An alligator skeleton (Volcano)
  3 black mambas
  A torpor snail (Lair:1)
  A rust devil (Lair:1)
  8 cane toads
  Jeremiah (D:6)
  2 rime drakes
  5 komodo dragons
  A queen bee (Lair:1)
  5 polar bears
  A wind drake (Lair:5)
  2 dream sheep (Lair:1)
  2 hornets
  A harpy skeleton (Volcano)
  15 blink frogs
  2 snapping turtles (Lair:5)
  31 yaks
  3 wyverns
  A ynoxinul (D:10)
  A wraith (D:9)
  3 basilisks
  5 steam dragons
  9 water moccasins
  Duvessa (D:5)
  A sky beast (D:8)
  An ice beast (D:6)
  3 orc warriors (D:9)
  A laughing skull (Volcano)
  2 centaurs
  16 wolves
  A weeping skull (Volcano)
  2 phantoms
  3 kobold brigands
  5 bullfrogs
  A gnoll sergeant (D:8)
  4 scorpions
  Dowan (D:5)
  23 killer bees
  2 troll skeletons (Volcano)
  2 electric eels (Lair:4)
  A howler monkey (D:8)
  A crimson imp (D:10)
  3 lava snakes (Lair:3)
  4 hounds
  A quasit (D:9)
  3 jellies
  A bombardier beetle (D:6)
  5 orc priests
  3 iguanas
  4 orc wizards
  4 hell rats (D:6)
  A naga skeleton (Volcano)
  8 mummies (Ossuary)
  8 adders
  3 gnolls (D:8)
  16 river rats (D:6)
  2 shadow imps
  11 white imps
  2 ufetubi (D:6)
  5 dart slugs
  3 ribbon worms (D:2)
  23 orcs
  4 ball pythons
  10 endoplasms
  4 giant cockroaches
  10 goblins
  6 hobgoblins
  6 jackals
  20 kobolds
  A quokka (D:1)
  2 bats (D:2)
  2 frilled lizards
  2 gnoll zombies (Ossuary)
  A goblin zombie (D:7)
  2 kobold zombies (Ossuary)
  4 orc zombies (Ossuary)
  A quokka zombie (D:7)
  2 rats (D:2)
404 creatures vanquished.

Vanquished Creatures (collateral kills)
  A rakshasa (D:10)
  2 hydras
  A boulder beetle (D:10)
  A rust devil (D:10)
  A black mamba (Lair:5)
  A rime drake (Lair:1)
  A red devil (D:10)
  A hornet (D:10)
  A sky beast (D:8)
  A black bear (D:8)
  A bullfrog (Lair:1)
  2 killer bees
  An orc priest (D:8)
  2 jellies (Lair:4)
  A gnoll bouda (D:8)
  An orc wizard (D:8)
  3 white imps (Lair:4)
  A kobold (D:8)
  A butterfly (Lair:1)
24 creatures vanquished.

Vanquished Creatures (others)
  A sky beast (D:8)
1 creature vanquished.

Grand Total: 429 creatures vanquished

Notes
Turn   | Place    | Note
-------+----------+-------------------------------------------
     0 | D:1      | case the Human Warper began the quest for the Orb.
     0 | D:1      | Reached XP level 1. HP: 16/16 MP: 3/3
   136 | D:1      | Reached XP level 2. HP: 21/22 MP: 5/5
   296 | D:1      | Learned a level 2 spell: Blink
   469 | D:1      | Found Diemain's Assorted Antiques.
   530 | D:1      | Reached skill level 4 in Translocations
   549 | D:1      | Reached XP level 3. HP: 22/27 MP: 6/6
   875 | D:2      | Found The Oracle's Delphic Readings.
  1570 | D:2      | Reached XP level 4. HP: 33/33 MP: 7/7
  1710 | D:3      | Identified the ring "Onedu" {rPois Stlth+}
  1827 | D:3      | Reached skill level 5 in Translocations
  2112 | D:1      | Bought a twisted dagger for 126 gold pieces
  2112 | D:1      | Identified the +4 dagger of the Moon {speed, rElec rC+
                  | Str+3} (You bought it in a shop on level 1 of the Dungeon)
  2346 | D:4      | Identified the +5 mace of the Fortifying Gods {antimagic,
                  | *Rage rCorr Str+4 Stlth+}
  2406 | D:4      | Found a snail-covered altar of Cheibriados.
  2430 | D:4      | Reached skill level 1 in Short Blades
  2430 | D:4      | Reached XP level 5. HP: 35/38 MP: 8/8
  2777 | D:4      | Found a bloodstained altar of Trog.
  2954 | D:5      | Entered Level 5 of the Dungeon
  2956 | D:5      | Noticed a black bear
  3023 | D:5      | Reached XP level 6. HP: 33/44 MP: 9/9
  3135 | D:4      | Reached skill level 6 in Translocations
  3468 | D:5      | Noticed Duvessa
  3470 | D:5      | Noticed Dowan
  3502 | D:5      | Killed Duvessa
  3503 | D:5      | Reached XP level 7. HP: 16/50 MP: 10/10
  3539 | D:5      | Killed Dowan
  3732 | D:5      | Reached skill level 7 in Translocations
  3738 | D:5      | Learned a level 4 spell: Manifold Assault
  3742 | D:5      | Learned a level 3 spell: Teleport Other
  4318 | D:6      | Found a radiant altar of Vehumet.
  4324 | D:6      | Found a basalt altar of Yredelemnul.
  4340 | D:6      | Became a worshipper of Vehumet
  4369 | D:6      | Reached skill level 5 in Short Blades
  4369 | D:6      | Reached XP level 8. HP: 52/57 MP: 2/11
  4446 | D:6      | Found an ornate altar of the Wu Jian Council.
  4509 | D:6      | Noticed Jeremiah
  4691 | D:6      | Killed Jeremiah
  4692 | D:6      | Reached skill level 8 in Translocations
  5390 | D:6      | Reached XP level 9. HP: 34/61 MP: 14/14
  5438 | D:6      | Reached * piety under Vehumet
  5438 | D:6      | Offered knowledge of Sting by Vehumet.
  5648 | D:6      | Found the +2 ratskin cloak {*Rats rPois rN+ Str-1 Int-1
                  | Dex+1}
  6212 | D:7      | Found an iron altar of Okawaru.
  6220 | D:7      | Found a sand-covered staircase.
  6227 | Ossuary  | Entered an ossuary
  6331 | Ossuary  | Reached skill level 5 in Spellcasting
  6552 | D:7      | Found a burning altar of Makhleb.
  6676 | D:7      | Reached ** piety under Vehumet
  6679 | D:7      | Offered knowledge of Searing Ray by Vehumet.
  6737 | D:7      | Learned a level 4 spell: Passage of Golubria
  7161 | D:7      | Found a staircase to the Ecumenical Temple.
  7285 | D:8      | Offered knowledge of Frozen Ramparts by Vehumet.
  7445 | D:8      | Reached skill level 9 in Translocations
  7828 | D:8      | Reached *** piety under Vehumet
  7910 | D:8      | Found an ancient bone altar of Kikubaaqudgha.
  7914 | D:8      | Found a hazy altar of Hepliaklqana.
  7930 | D:8      | Found a broken altar of Ashenzari.
  7933 | D:8      | Found a stormy altar of Qazlal.
  8043 | D:9      | Noticed a hornet
  8051 | D:9      | Killed a hornet
  8052 | D:9      | Reached skill level 5 in Dodging
  8052 | D:9      | Reached XP level 10. HP: 68/70 MP: 12/18
  8248 | D:9      | Found a glowing silver altar of Zin.
  8255 | D:9      | Noticed a gargoyle
  8356 | D:9      | Reached skill level 10 in Translocations
  8795 | D:9      | Offered knowledge of Ignite Poison by Vehumet.
  8809 | D:9      | Learned a level 4 spell: Ignite Poison
  9209 | D:10     | Entered Level 10 of the Dungeon
  9227 | D:10     | Noticed a rust devil
  9374 | D:10     | Found a blossoming altar of Fedhas.
  9408 | D:10     | Noticed a cyan ugly thing
  9415 | D:10     | Noticed a centaur warrior
  9445 | D:10     | Noticed a five-headed hydra
  9447 | D:10     | Noticed a boulder beetle
  9482 | D:10     | Killed a five-headed hydra
  9483 | D:10     | Reached skill level 1 in Fire Magic
  9483 | D:10     | Reached skill level 1 in Alchemy
  9490 | D:10     | Noticed a rakshasa
  9506 | D:10     | Killed a rakshasa
  9507 | D:10     | Killed a boulder beetle
  9634 | D:10     | Identified the +1 robe of Wiotur {rF+ Archmagi}
  9651 | D:10     | Reached skill level 11 in Translocations
  9672 | D:10     | Noticed a two-headed ogre
  9712 | D:10     | Killed a two-headed ogre
  9713 | D:10     | Reached XP level 11. HP: 40/78 MP: 8/20
  9887 | D:10     | Noticed a catoblepas
  9941 | D:10     | Killed a catoblepas
 10020 | D:10     | Identified the ring "Pyehogiff" {Dex+4 Slay+2 SInv Stlth-}
 10048 | D:10     | Reached skill level 1 in Maces & Flails
 10551 | D:10     | Noticed a cyclops
 10645 | D:10     | Noticed a death yak
 10669 | D:10     | Reached **** piety under Vehumet
 10678 | D:10     | Noticed a death yak
 10693 | D:10     | Noticed a death yak
 10725 | D:10     | Noticed a purple ugly thing
 10750 | D:10     | Found a staircase to the Lair.
 10764 | Lair:1   | Entered Level 1 of the Lair of Beasts
 10788 | Lair:1   | Reached skill level 5 in Maces & Flails
 11208 | Lair:1   | Offered knowledge of Flame Wave by Vehumet.
 11811 | Lair:1   | Reached XP level 12. HP: 23/85 MP: 10/21
 11876 | Lair:1   | Reached skill level 5 in Fire Magic
 11876 | Lair:1   | Reached skill level 5 in Alchemy
 12516 | Lair:2   | Found a staircase to the Swamp.
 12553 | Lair:2   | Noticed a five-headed hydra
 12562 | Lair:2   | Killed a five-headed hydra
 13154 | Lair:2   | HP: 1/85 [oklob plant/splash of acid (24)]
 13464 | Lair:2   | Reached skill level 5 in Fighting
 14003 | Lair:3   | Noticed Gastronok
 14017 | Lair:3   | Killed Gastronok
 14053 | Lair:3   | Found a staircase to the Snake Pit.
 14137 | Lair:3   | Found a dark tunnel.
 14146 | Volcano  | Entered a volcano
 14798 | Lair:4   | Noticed a four-headed hydra
 14802 | Lair:4   | Killed a four-headed hydra
 14909 | Lair:4   | Found a gate leading to a gauntlet.
 14918 | Gauntlet | Entered a Gauntlet
 14918 | Gauntlet | Found a runed translucent door.
 14918 | Gauntlet | Found a transporter.
 14918 | Gauntlet | Found a runed translucent door.
 14918 | Gauntlet | Found a transporter.
 14920 | Gauntlet | Found a transporter.
 14923 | Gauntlet | Found a transporter.
 14936 | Gauntlet | Found a transporter.
 14955 | Gauntlet | Found a transporter.
 14956 | Gauntlet | Found a transporter.
 14956 | Gauntlet | Found a transporter.
 14959 | Gauntlet | Noticed a wretched star
 14973 | Gauntlet | Found a transporter.
 14978 | Gauntlet | Found a runed translucent door.
 14985 | Gauntlet | Found a transporter.
 14995 | Gauntlet | Found a transporter.
 14996 | Gauntlet | Noticed a catoblepas
 15009 | Gauntlet | Found a transporter.
 15028 | Gauntlet | Found a transporter.
 15040 | Gauntlet | Found a transporter.
 15125 | Lair:4   | You fall into a shaft and drop 1 floor!
 15125 | Lair:5   | Entered Level 5 of the Lair of Beasts
 15125 | Lair:5   | Noticed a six-headed hydra
 15133 | Lair:5   | Noticed a six-headed hydra
 15146 | Lair:5   | Noticed a four-headed hydra
 15155 | Lair:5   | Killed a four-headed hydra
 15307 | Lair:5   | Reached skill level 12 in Translocations
 15307 | Lair:5   | Reached XP level 13. HP: 88/95 MP: 25/25
 15418 | Lair:5   | Reached ***** piety under Vehumet
 15423 | Lair:5   | Offered knowledge of Olgreb's Toxic Radiance by Vehumet.
 15499 | Lair:4   | Learned a level 4 spell: Olgreb's Toxic Radiance
 16864 | Lair:5   | Reached XP level 14. HP: 20/103 MP: 6/27
 16864 | Lair:5   | HP: 4/103 [eight-headed hydra (12)]
 16871 | Lair:5   | Reached skill level 10 in Spellcasting
 17127 | Lair:5   | Found a staircase to the Slime Pits.
 17524 | Lair:5   | Reached skill level 13 in Translocations
 17795 | Lair:5   | Upgraded the game from 0.32-a0-20-ge526923d97 to
                  | 0.32-a0-22-g6ae6769602
 17850 | Lair:5   | Killed from afar by a rime drake

Illustrated notes

Levels and vault maps discovered:
D:1:      elethiomel_arrival_quiet, layout_basic, serial_forest,
          infiniplex_forest_clump_C, infiniplex_forest_clump_double,
          infiniplex_forest_diagonal, infiniplex_forest_straight_2,
          infiniplex_forest_clump_double, infiniplex_forest_diagonal,
          infiniplex_forest_clump_small, infiniplex_forest_end_3, serial_shops,
          nicolae_shop_overgrown_old_shop
D:2:      layout_basic, nicolae_nh_oracle_at_delphi
D:3:      layout_basic
D:4:      layout_basic, amcnicky_altar_gilded, lemuel_coloured_pillars_altar,
          small_statue_intersection, kennysheep_generic_room_11
D:5:      layout_cave_pools, reono_crystal_passage, grunt_ministairs_4,
          minivault_27, chequers_serial_rivers_small_3, minivault_5,
          hangedman_abyss_or_decor_stagger, uniq_duvessa
D:6:      wander_guarded_unrand_ratskin, layout_gridville,
          nicolae_wu_jian_wuxing_cycle, grunt_temple_overflow_open,
          minivault_26, grunt_ministairs_7, uniq_jeremiah
D:7:      layout_loops_ring, mainiacjoe_overflow_alcove_4, bloody_makhleb,
          minmay_temple_entry_poolview, enter_ossuary_4
D:8:      layout_rooms, grunt_temple_overflow_cloverleaf, minivault_23,
          hangedman_misty_isle
D:9:      layout_irregular_city, mainiacjoe_overflow_six_doors_small,
          kennysheep_generic_room_6
D:10:     minmay_cut_squares, layout_gridville, fedhas_altar_2,
          dpeg_lair_monsters, nicolae_demonic_statue_gallery
Lair:1:   layout_small_grid, special_room [special_room_bee],
          serial_bayou_shore_b, lemuel_fruit_fields, grunt_megastairs_1
Lair:2:   layout_loops_ring, swamp_mist, minmay_shattered_shrine
Lair:3:   layout_gridlike, nicolae_snake_entry_warm_welcome,
          nicolae_volcano_entry_hallway, lemuel_fruit_tree, uniq_gastronok
Lair:4:   layout_misc_corridors, gauntlet_entry_generic,
          portal_ice_cave_entry_imps, serial_bayou_ford_a, hellmonk_talismancer,
          infiniplex_staircase_pool, grunt_megastairs_4, serial_bayou_shore_b
Lair:5:   gammafunk_lair_ancient_temple, layout_hall_layers,
          nicolae_slime_entry_field_trip, serial_bayou_shore_a,
          grunt_megastairs_2

Skill      XL: |  1  2  3  4  5  6  7  8  9 10 11 12 13 14 |
---------------+-------------------------------------------+-----
Translocations | 4 5 6 7 8 9 11 12 13 | 13.0
Short Blades   | 1 2 4 5 6 |  6.2
Fighting       | 3 4 6 7 |  7.4
Spellcasting   | 3 5 6 8 9 10 | 10.6
Dodging        | 5 6 7 8 |  8.2
Fire Magic     | 2 4 6 7 8 |  8.3
Alchemy        | 2 4 6 8 9 |  9.7
Maces & Flails | 7 |  7.3
Long Blades    | |  2.0
Throwing       | |  1.0
Armour         | |  1.0

Action                     |  1- 3 |  4- 6 |  7- 9 | 10-12 | 13-15 || total
---------------------------+-------+-------+-------+-------+-------++-------
  Melee: Falchion          |   146 |    46 |       |       |       ||   192
         Punch             |     2 |     3 |     2 |       |       ||     7
         Dagger            |       |   204 |   771 |   354 |    66 ||  1395
         Short sword       |       |       |    78 |   180 |    73 ||   331
         Flail             |       |       |       |   398 |   377 ||   775
   Cast: Blink             |       |     1 |     1 |     6 |     5 ||    13
         Teleport Other    |       |       |     4 |    30 |     3 ||    37
         Manifold Assault  |       |       |    42 |   140 |   124 ||   306
         Passage of Golubr |       |       |       |     2 |       ||     2
         Ignite Poison     |       |       |       |    12 |    26 ||    38
         Olgreb's Toxic Ra |       |       |       |       |    23 ||    23
    Use: Scroll            |       |       |    11 |    20 |     1 ||    32
         Potion            |       |       |       |     3 |     4 ||     7
   Stab: Sleeping          |       |       |     3 |     1 |       ||     4
         Distracted        |       |       |       |     2 |       ||     2
 Armour: Leather armour    |    78 |    61 |   146 |    94 |       ||   379
         Robe              |       |       |       |   255 |   268 ||   523
  Dodge: Dodged            |   116 |   178 |   434 |   985 |   754 ||  2467

Table legend: (Time is in decaauts)
 A = Elapsed time spent in this place.
 B = Non-inter-level travel time spent in this place.
 C = Inter-level travel time spent in this place.
 D = Time resting spent in this place.
 E = Time spent auto-exploring this place.
 F = Levels seen in this place.
 G = Mean time per level.
                   A        B        C        D        E       F      G
               +--------+--------+--------+--------+--------+-----+--------+
         Total |  17294 |  16826 |    468 |   1965 |  10185 |  18 |  960.8 |
       Dungeon |  10010 |   9658 |    352 |    567 |   6498 |  10 | 1001.0 |
          Lair |   6621 |   6506 |    115 |   1316 |   3534 |   5 | 1324.2 |
       Ossuary |    241 |    241 |      0 |      0 |    145 |   1 |  241.0 |
       Volcano |    279 |    279 |      0 |     82 |      7 |   1 |  279.0 |
      Gauntlet |    141 |    141 |      0 |      0 |      0 |   1 |  141.0 |
               +--------+--------+--------+--------+--------+-----+--------+

Top non-repeatable levels by time:
  Lair:5: 1729 daAuts
  Lair:1: 1678 daAuts
  Lair:2: 1652 daAuts
     D:6: 1637 daAuts
    D:10: 1491 daAuts
  Lair:4: 1238 daAuts
     D:5: 1186 daAuts
     D:9: 1154 daAuts
     D:2: 867 daAuts
     D:1: 828 daAuts
     D:7: 759 daAuts
     D:8: 743 daAuts
     D:4: 693 daAuts
     D:3: 648 daAuts
  Lair:3: 323 daAuts
